Construct Infanterie Kompanie
Selects Terror Battlegroup
Construct Luftwaffe Kompanie
Infanterie Officer Quarters
Selects Contempt for the Weak
Selects Machine Gun Camouflage
Flak 30 Anti-aircraft Gun Team
Construct Panzergrenadier Kompanie
Nebelwerfer 42 Rocket Launcher Team
Marder III M Tank Destroyer
Nebelwerfer 42 Rocket Launcher Team
Nebelwerfer 42 Rocket Launcher Team
Nebelwerfer 42 Rocket Launcher Team
Nebelwerfer 42 Rocket Launcher Team
Nebelwerfer 42 Rocket Launcher Team
Selects King Tiger Heavy Tank
Nebelwerfer 42 Rocket Launcher Team